 Dungeon Crawl Stone Soup version 0.24-a0-10-gb84795d (webtiles) character file.

Game seed: 1688531836854618340

43 Lanoc the Skirmisher (level 3, 0/29 HPs)
             Began as a Demonspawn Chaos Knight on Jan 31, 2019.
             Was a Plaything of Xom.
             Slain by an adder (2 damage)
             ... on level 2 of the Dungeon.
             The game lasted 00:01:43 (1099 turns).

Lanoc the Skirmisher (Demonspawn Chaos Knight)      Turns: 1099, Time: 00:01:44

Health: 0/29       AC:  5    Str: 13    XL:     3   Next: 37%
Magic:  3/3        EV: 11    Int: 13    God:    Xom [..*...]
Gold:   26         SH:  0    Dex: 12    Spells: 2/2 levels left

rFire    . . .     SeeInvis .   a - +0 hand axe (chaos)
rCold    . . .     Gourm    .   (no shield)
rNeg     + . .     Faith    .   b - +2 leather armour
rPois    .         Spirit   .   (no helmet)
rElec    .         Reflect  .   (no cloak)
rCorr    .         Harm     .   (no gloves)
MR       .....                  (no boots)
Stlth    +.........             (no amulet)
HPRegen  0.09/turn              f - ring of positive energy
MPRegen  0.08/turn              (no ring)

@: lethally poisoned (0 -> -13), hasted, very quick
A: talons 1
a: Renounce Religion


You were on level 2 of the Dungeon.
You worshipped Xom.
You were a toy of Xom.
You were hungry.

You visited 1 branch of the dungeon, and saw 2 of its levels.

You collected 26 gold pieces.

Inventory:

Hand Weapons
 a - a +0 hand axe of chaos (weapon)
Armour
 b - a +2 leather armour (worn)
Jewellery
 f - a ring of positive energy (left hand)
Scrolls
 g - a scroll of enchant weapon {unknown}
Comestibles
 c - 4 rations


   Skills:
 + Level 3.3 Fighting
 * Level 3.1 Axes
 + Level 2.3 Armour
 + Level 1.5 Dodging


You had 2 spell levels left.
You didn't know any spells.
Your spell library was empty.

Dungeon Overview and Level Annotations

Branches:
Dungeon (2/15)

Altars:


Innate Abilities, Weirdness & Mutations

You have sharp toenails.


Message History

Something poisons you!
You miss something.
You feel sick. Something bites you.
You closely miss something. Something bites you.
Something bites you but does no damage.
You miss something.
You feel sick. Something bites you but does no damage.
You closely miss something. Your kick misses something.
You feel sick.
Something bites you but does no damage. x2
You barely miss something. Your kick misses something. Something bites you.
* * * LOW HITPOINT WARNING * * *
You are lethally poisoned!
Something poisons you!
It was a potion of haste.
You feel yourself speed up.
Xom roars with laughter!
* * * LOW HITPOINT WARNING * * *
You feel sick. Something bites you.
* * * LOW HITPOINT WARNING * * *
You are more poisoned.
Something poisons you! Something bites you.
You die...
Xom yawns loudly!

#####.....###
............
#.........#
#.........#
#.........###..
#.............
#.#%..{.....#
......†@....#
..#.........#
##.#####..# #
#..# #..# ...#
#.## #.$


There were no monsters in sight!

Vanquished Creatures
  A worm (D:2)
  3 dart slugs
  2 leopard geckos (D:1)
  A giant cockroach (D:1)
  6 hobgoblins (D:1)
  4 jackals (D:1)
  A ball python (D:1)
  3 bats (D:1)
  2 frilled lizards (D:1)
  2 goblins (D:1)
  6 kobolds (D:1)
  A rat (D:1)
32 creatures vanquished.

Notes
Turn   | Place    | Note
-------+----------+-------------------------------------------
     0 | D:1      | Lanoc the Demonspawn Chaos Knight began the quest for the
                  | Orb.
     0 | D:1      | Reached XP level 1. HP: 18/18 MP: 1/1
    69 | D:1      | XOM: divination: detect creatures
    90 | D:1      | Reached skill level 1 in Dodging
    92 | D:1      | XOM: divination: magic mapping
   311 | D:1      | XOM: harmless Pois miscast
   449 | D:1      | Gained mutation: You have sharp toenails. [demonic
                  | ancestry]
   449 | D:1      | Reached XP level 2. HP: 24/24 MP: 2/2
   462 | D:1      | XOM: harmless Pois miscast
   572 | D:1      | XOM: harmless Chrm miscast
   653 | D:1      | XOM: silly message
   742 | D:1      | Reached XP level 3. HP: 24/29 MP: 3/3
  1099 | D:2      | Slain by an adder

Vault maps used:
D:1:      minmay_arrival_five_plusses, minmay_pentomino_t2
D:2:      item_on_display_a

Skill      XL: |  1  2 |
---------------+-------+-----
Dodging        | 1 |  1.5
Armour         | 2 |  2.3
Axes           | 3 |  3.1
Fighting       | |  3.3

Action                   || total
-------------------------++-------
Melee: Hand axe          ||   122
       Kick              ||    14
  Use: Potion            ||     1
Armor: Leather armour    ||    48
Dodge: Dodged            ||    93

Table legend:
 A = Non-vault XP
 B = Vault XP
 C = Vault XP percentage of total XP
 D = Non-vault monster count
 E = Vault monster count
 F = Vault count percentage of total count
                 A         B        C        D         E       F
            +---------+---------+-------+---------+---------+-------
      Total |      57 |       5 |   8.1 |      30 |       2 |   6.2
            +---------+---------+-------+---------+---------+-------
        D:1 |      48 |       5 |   9.4 |      28 |       2 |   6.7
        D:2 |       9 |       0 |   0.0 |       2 |       0 |   0.0
            +---------+---------+-------+---------+---------+-------
